 Dungeon Crawl Stone Soup version 0.27.0-66-gdc8fb28755 (webtiles) character file.

Game seed: 8975173139106992635

10 Spectrina the Covert (level 2, -8/18 HPs)
             Began as a Vampire Delver on Aug 20, 2021.
             Mangled by a kobold brigand (11 damage)
             ... on level 5 of the Dungeon.
             The game lasted 00:01:03 (117 turns).

Spectrina the Covert (Vampire Delver)                Turns: 117, Time: 00:01:03

Health: -8/18      AC:  3    Str: 11    XL:     2   Next: 10%
Magic:  2/2        EV: 17    Int: 12    God:
Gold:   34         SH:  0    Dex: 15    Spells: 1/1 levels left

rFire    . . .     SeeInvis +   a - +0 short sword
rCold    + + .     Faith    .   (no shield)
rNeg     + + +     Spirit   .   b - +0 leather armour
rPois    ∞         Reflect  .   (no helmet)
rElec    .         Harm     .   (no cloak)
rCorr    .         Rampage  .   (no gloves)
Will     .....                  (no boots)
Stlth    ++++++....             (no amulet)
HPRegen  0.00/turn              (no ring)
MPRegen  0.08/turn              (no ring)

@: agile, bloodless, inhibited regen, hasted, very quick
A: bloodless, fangs 3, see invisible, vampiric 1
a: Revivify


You were on level 5 of the Dungeon.
You visited 1 branch of the dungeon, and saw 1 of its levels.

You collected 34 gold pieces.

Inventory:

Hand Weapons
 a - a +0 short sword (weapon)
Armour
 b - a +0 leather armour (worn)
Wands
 g - a wand of digging (3)
Scrolls
 c - a scroll of fog
 e - a scroll of fear


   Skills:
 - Level 2.6 Fighting
 - Level 2.1 Short Blades
 - Level 2.1 Dodging
 + Level 8.0 Stealth


You had one spell level left.
You didn't know any spells.
Your spell library was empty.

Dungeon Overview and Level Annotations

Branches:
Dungeon (5/15)
 Temple: D:4-7

Altars:
Xom

Annotations:
D:5 Dowan


Innate Abilities, Weirdness & Mutations

You do not regenerate when monsters are visible.
You are frail without blood (-20% HP).
You can heal yourself when you bite living creatures.
You are immune to poison.
You have razor-sharp teeth.
You have supernaturally acute eyesight. (SInv)
You are afflicted with vampirism.


Message History

Things that are here:
a +1 whip of chaos; a kobold corpse 2 kobolds come into view.
A kobold is wielding a +2 dagger of chaos.
A kobold is wielding a +2 whip of chaos.
The kobold moves out of view.
A kobold and a kobold brigand come into view.
The kobold is wielding a +0 short sword of chaos.
The kobold brigand is wielding a +4 short sword of chaos and quivering poisoned darts.
The kobold brigand shouts!
The kobold shouts!
Unknown command.
You hit the kobold.
The kobold is moderately wounded.
The kobold hits you with a +0 short sword of chaos.
The kobold burns you.
You feel yourself speed up.
Unknown command.
You hit the kobold brigand. Your bite misses the kobold brigand.
The kobold brigand is lightly wounded.
You hit the kobold brigand.
The kobold brigand is lightly wounded.
The kobold brigand hits you with a +4 short sword of chaos.
You feel agile all of a sudden.
You closely miss the kobold brigand. Your bite misses the kobold brigand.
The kobold brigand is lightly wounded.
The kobold brigand hits you with a +4 short sword of chaos.
* * * LOW HITPOINT WARNING * * *
You feel more agile all of a sudden.
Found a translucent hat.
Unknown command.
You hit the kobold brigand but do no damage.
The kobold brigand is lightly wounded.
You hit the kobold brigand.
The kobold brigand is moderately wounded.
The kobold brigand completely misses you.
You closely miss the kobold brigand.
The kobold brigand is moderately wounded.
You hit the kobold brigand but do no damage.
The kobold brigand is moderately wounded.
The kobold brigand hits you with a +4 short sword of chaos!
Ouch! That really hurt!
You die...

,,**,**,,,,,,,,,,,* *,*
****,**,,,***,**,,* *,*
*,**,,,***,*,,,* ***,*
*,**,,,,,,,********* *,,,*
*,**,,,**,**§,,##,,* *,,,*
**,**,,,,,**§.§§.#*,*
*,,,*
*,,,,,,,,,,*#KKK#**,*
**,** *,,**..,,,*###K#*
*,* *,*
*,,**...**##.#@###*,* *,*
*,,,,...*,#.§§§§.#*,****,*
*,***#.#*#...§..§#*,,,,,,*
***,* #.#
#§.....##*,****** ,,,,*
#.# #.#....# ***
**######.#####..###
##..........#''##
##...###.####....#
.........# ##..##


You could see a kobold brigand and 3 kobolds.

Vanquished Creatures
  An adder (D:5)
  A kobold (D:5)
2 creatures vanquished.

Notes
Turn   | Place    | Note
-------+----------+-------------------------------------------
     0 | D:5      | Spectrina the Vampire Delver began the quest for the Orb.
     0 | D:5      | Reached XP level 1. HP: 17/17 MP: 1/1
     7 | D:5      | Noticed Dowan
    27 | D:5      | Noticed a centaur
    57 | D:5      | Noticed a scorpion
    77 | D:5      | Reached XP level 2. HP: 18/18 MP: 2/2
    95 | D:5      | Found a large runed translucent door.
    95 | D:5      | Found a large runed translucent door.
    95 | D:5      | Found a shimmering altar of Xom.
   104 | D:5      | Reached skill level 8 in Stealth
   107 | D:5      | Noticed a kobold brigand
   117 | D:5      | Mangled by a kobold brigand

Illustrated notes

Levels and vault maps discovered:
D:5:      due_chaos_kobolds, layout_loops_ring, nicolae_ossuary_entry_giza,
          uniq_duvessa

Skill      XL: |  1  2 |
---------------+-------+-----
Stealth        | 8 |  8.0
Fighting       | |  2.6
Short Blades   | |  2.1
Dodging        | |  2.1

Action                   || total
-------------------------++-------
Melee: Short sword       ||    10
 Abil: Exsanguinate      ||     1
  Use: Scroll            ||     1
       Potion            ||     1
 Stab: Sleeping          ||     2
Dodge: Dodged            ||     1
